 Dungeon Crawl Stone Soup version 0.31-a0-675-g238779eb0a (webtiles) character file.

Game seed: 3681906972188966688

277 Ekaitz the Sneak (level 6, -7/43 HPs)
             Began as a Vampire Enchanter on Sept 5, 2023.
             Mangled by Natasha (9 damage)
             ... on level 2 of the Dungeon.
             The game lasted 00:04:33 (1502 turns).

Ekaitz the Sneak (Vampire Enchanter)                Turns: 1502, Time: 00:04:34

Health: -7/43      AC:  3    Str:  7    XL:     6   Next: 4%
Magic:  1/9        EV: 13    Int: 17    God:
Gold:   50         SH:  0    Dex: 17    Spells: 1/9 levels left

rFire   . . .        a - +1 dagger
rCold   . . .        (no shield)
rNeg    . . .        j - +1 robe {Will+}
rPois   .            (no helmet)
rElec   .            (no cloak)
rCorr   .            (no gloves)
SInv    +            (no boots)
Will    +....        (no amulet)
Stlth   +++          (no ring)
HPRegen 0.47/turn    (no ring)
MPRegen 0.11/turn

%: no passive effects
@: brilliant, healing quickly
A: alive, fangs 3, see invisible, vampiric 2
a: Exsanguinate


You were on level 2 of the Dungeon.
You visited 1 branch of the dungeon, and saw 2 of its levels.

You collected 50 gold pieces.

Inventory:

Hand Weapons
 a - a +1 dagger (weapon)
 h - a +1 whip of pain
Missiles
 g - 2 javelins
Armour
 j - a +1 robe of willpower (worn)
Scrolls
 d - a scroll of fear {unknown}
 e - a scroll of vulnerability {unknown}
 f - a scroll of amnesia {unknown}
 k - 2 scrolls of noise {unknown}
 l - 2 scrolls of poison {unknown}
 m - a scroll of identify {unknown}
Potions
 b - a potion of might {unknown}
 c - a potion of invisibility
 i - a potion of brilliance


   Skills:
 * Level 1.6 Fighting
 + Level 2.1 Short Blades
 * Level 3.5 Dodging
 + Level 6.3 Stealth
 + Level 2.3 Spellcasting
 * Level 5.7 Hexes
 * Level 1.7 Ice Magic


You had one spell level left.
You knew the following spells:

 Your Spells              Type           Power      Damage    Failure   Level
b - Ensorcelled Hibernat  Hex/Ice        44%        N/A       6%          2
c - Confusing Touch       Hex            32%        N/A       5%          3
d - Tukima's Dance        Hex            32%        N/A       5%          3

Your spell library contained the following spells:

 Spells                   Type           Power      Damage    Failure   Level
 Dazzling Flash           Conj/Hex       34%        N/A       17%         3


Dungeon Overview and Level Annotations

Branches:
Dungeon (2/15)

Altars:

Annotations:
D:2 Natasha


Innate Abilities, Weirdness & Mutations

Your natural rate of healing is accelerated.
You have razor-sharp teeth.
You have supernaturally acute eyesight. (SInv)
You are afflicted with vampirism and can become a bat while bloodless.


Message History

Natasha is lightly wounded.
Natasha claws you. The cerulean imp misses you.
You hit Natasha.
Natasha is moderately wounded.
Natasha closely misses you.
You hit Natasha.
Natasha is moderately wounded.
The cerulean imp barely misses you. Natasha claws you.
You hit Natasha. Your punch misses Natasha.
Natasha is heavily wounded.
The cerulean imp hits you from afar with a +1 spear.
* * * LOW HITPOINT WARNING * * *
Natasha claws you.
* * * LOW HITPOINT WARNING * * *
You aren't carrying any items that you can evoke.
It was a potion of brilliance.
You feel clever all of a sudden.
The cerulean imp hits you but does no damage.
Natasha barely misses you.
Casting: Ensorcelled Hibernation (safe; 6% risk of failure)
Confirm with . or Enter, or press ? or * to list all spells.
Aiming: Ensorcelled Hibernation (safe; 6% risk of failure)
Press: ? - help, Shift-Dir - straight line, f/p - Natasha
Aim: Natasha (heavily wounded, chance to affect: 54%)
You feel a surge of power!
Natasha resists with significant effort.
The cerulean imp closely misses you. Natasha closely misses you.
Unknown command.
You hit Natasha but do no damage. Your bite misses Natasha.
Natasha is heavily wounded.
The cerulean imp hits you from afar with a +1 spear.
* * * LOW HITPOINT WARNING * * *
Natasha completely misses you.
You hit Natasha.
Natasha is severely wounded.
The cerulean imp hits you from afar with a +1 spear.
* * * LOW HITPOINT WARNING * * *
Natasha claws you!
You die...
Natasha begins licking her fur clean.

..###.#######...# #.#
...#............# #.#
.##....######...#
######.# ##### # #.# #
#.# ######.#####
...........############
..####.# #.#.>..@h5...#
.......# #.#.########.#
#.##.#####.#.#
.###)........# ##
#######.########
#.#........ ##.########
###


You could see Natasha and a cerulean imp (summoned).

Vanquished Creatures
  Sigmund (D:2)
  Natasha (twice) (D:2)
  An adder (D:2)
  10 ball pythons
  6 bats
  3 endoplasms
  2 giant cockroaches
  4 hobgoblins
  3 quokkas
  4 frilled lizards
  4 goblins
  7 kobolds
  8 rats
55 creatures vanquished.

Notes
Turn   | Place    | Note
-------+----------+-------------------------------------------
     0 | D:1      | Ekaitz the Vampire Enchanter began the quest for the Orb.
     0 | D:1      | Reached XP level 1. HP: 13/13 MP: 3/3
   119 | D:1      | Reached skill level 5 in Hexes
   119 | D:1      | Reached XP level 2. HP: 13/19 MP: 5/5
   167 | D:1      | Learned a level 2 spell: Ensorcelled Hibernation
   824 | D:2      | Gained mutation: You are afflicted with vampirism and can
                  | become a bat while bloodless. [Vampire growth]
   824 | D:2      | Reached XP level 3. HP: 24/24 MP: 6/6
   828 | D:2      | Learned a level 3 spell: Confusing Touch
   872 | D:2      | Noticed Sigmund
   917 | D:2      | Killed Sigmund
   918 | D:2      | Reached skill level 1 in Fighting
   918 | D:2      | Reached skill level 5 in Stealth
   918 | D:2      | Reached skill level 1 in Ice Magic
   918 | D:2      | Reached XP level 4. HP: 32/32 MP: 7/7
   918 | D:2      | Reached XP level 5. HP: 37/37 MP: 8/8
   999 | D:2      | Reached skill level 6 in Stealth
  1055 | D:2      | Learned a level 3 spell: Tukima's Dance
  1166 | D:2      | Noticed Natasha
  1174 | D:2      | Killed Natasha
  1342 | D:2      | Noticed Natasha
  1357 | D:2      | Killed Natasha
  1358 | D:2      | Reached XP level 6. HP: 20/43 MP: 2/9
  1484 | D:2      | Noticed Natasha
  1502 | D:2      | HP: 2/43 [cerulean imp/+1 spear[Natasha] (3)]
  1502 | D:2      | Mangled by Natasha

Illustrated notes

Levels and vault maps discovered:
D:1:      psy_arrival_terrarium, layout_loops_ring
D:2:      layout_loops_ring, uniq_sigmund, uniq_natasha

Skill      XL: |  1  2  3  4  5 |
---------------+----------------+-----
Hexes          | 5 |  5.7
Fighting       | 1 |  1.6
Short Blades   | 2 |  2.1
Dodging        | 3 |  3.5
Stealth        | 5 6 |  6.3
Ice Magic      | 1 |  1.7
Spellcasting   | |  2.3

Action                     |  1- 3 |  4- 6 || total
---------------------------+-------+-------++-------
  Melee: Dagger            |    90 |    56 ||   146
         Bite              |     4 |     6 ||    10
         Punch             |     1 |       ||     1
   Cast: Ensorcelled Hiber |     9 |    14 ||    23
         Confusing Touch   |       |     2 ||     2
    Use: Potion            |     1 |     1 ||     2
   Stab: Sleeping          |    15 |     9 ||    24
         Invisible         |     2 |       ||     2
         Confused          |       |     2 ||     2
         Distracted        |       |     1 ||     1
 Armour: Robe              |    41 |    36 ||    77
  Dodge: Dodged            |    67 |    44 ||   111

Table legend: (Time is in decaauts)
 A = Elapsed time spent in this place.
 B = Non-inter-level travel time spent in this place.
 C = Inter-level travel time spent in this place.
 D = Time resting spent in this place.
 E = Time spent auto-exploring this place.
 F = Levels seen in this place.
 G = Mean time per level.
                   A        B        C        D        E       F      G
               +--------+--------+--------+--------+--------+-----+--------+
         Total |   1491 |   1461 |     30 |     51 |    984 |   2 |  745.5 |
       Dungeon |   1491 |   1461 |     30 |     51 |    984 |   2 |  745.5 |
               +--------+--------+--------+--------+--------+-----+--------+

Top non-repeatable levels by time:
     D:1: 816 daAuts
     D:2: 675 daAuts
